 Dungeon Crawl Stone Soup version 0.24-a0-416-g56ce5178b7 (webtiles) character file.

Game seed: 8739004759717334013

76849 Lanoc the Carver (level 15, -22/122 HPs)
             Began as a Pale Draconian Fighter on June 9, 2019.
             Was the Champion of Hepliaklqana.
             Killed from afar by a balrug (54 damage)
             ... with a fireball
             ... on level 3 of the Abyss on June 10, 2019.
             The game lasted 01:04:00 (15989 turns).

Lanoc the Carver (Pale Draconian Fighter)          Turns: 15989, Time: 01:04:01

Health: -22/122    AC: 16    Str: 22    XL:     15   Next: 13%
Magic:  23/23      EV: 23    Int:  8    God:    Hepliaklqana [******]
Gold:   1517       SH: 15    Dex: 16    Spells: 14/14 levels left

rFire    . . .     SeeInvis +   C - +11 trident of Egaazek {drain, +Rage MR+}
rCold    . . .     Gourm    .   H - +2 shield {AC+3}
rNeg     . . .     Faith    .   (armour unavailable)
rPois    .         Spirit   .   (helmet restricted)
rElec    .         Reflect  .   (no cloak)
rCorr    .         Harm     .   b - +0 pair of gloves "Ulutiwif" {Str+2} (curse)
MR       ++...     Rnd*Tele +   h - +2 pair of boots {Stlth+}
Stlth    ++........             A - amulet of regeneration
HPRegen  0.00/turn              I - +3 ring of evasion
MPRegen  0.18/turn              j - ring of see invisible

@: about to teleport, non-regenerating, mildly diseased
A: breathe steam, unfitting armour, reduced essence, [teleportitis 2],
cold-blooded, AC +9
a: Breathe Steam, Recall Ancestor, Ancestor Identity, Transference, Idealise,
Renounce Religion, Evoke Berserk Rage


You were on level 3 of the Abyss.
You worshipped Hepliaklqana.
Hepliaklqana was exalted by your worship.
You were very hungry.

You visited 4 branches of the dungeon, and saw 20 of its levels.
You visited the Abyss 1 time.
You also visited: Ossuary, Gauntlet, Ice Cave and Volcano.

You collected 1517 gold pieces.

Inventory:

Hand Weapons
 k - a +2 scimitar of flaming
 z - a +2 great sword of flaming
 B - a +4 vampiric long sword
 C - the +11 trident of Egaazek (weapon) {drain, +Rage MR+}
   (You took it off a spriggan on level 9 of the Dungeon)

   A truly terrible weapon, it drains the life of those it strikes.
   It affects your resistance to hostile enchantments.
   It lets you go berserk.
Armour
 b - the cursed +0 pair of gloves "Ulutiwif" (worn) {Str+2}
   (You found it in a Gauntlet)

   It affects your strength (+2).
   It has a curse placed upon it.
 h - a +2 pair of boots of stealth (worn)
 H - a +2 shield of protection (worn)
Jewellery
 a - an uncursed ring of protection from cold
 j - a ring of see invisible (right hand)
 q - an uncursed ring of flight
 t - an uncursed ring of wizardry
 A - an amulet of regeneration (around neck)
 I - a +3 ring of evasion (left hand)
Wands
 g - a wand of iceblast (7)
 m - a wand of paralysis (10)
 u - a wand of scattershot (6)
 v - a wand of flame (16)
 y - a wand of acid (20)
 J - a wand of random effects (11)
Scrolls
 f - 6 scrolls of enchant armour
 n - 8 scrolls of remove curse
 o - 8 scrolls of teleportation
 w - a scroll of immolation
 x - 3 scrolls of enchant weapon
 E - 3 scrolls of amnesia
 G - a scroll of fear
Potions
 c - 2 potions of mutation
 e - a potion of cancellation
 l - 3 potions of berserk rage
 p - a potion of curing
 r - 4 potions of resistance
 s - 3 potions of lignification
 F - 4 potions of flight
 K - a potion of haste
 L - a potion of heal wounds
Miscellaneous
 i - a lamp of fire
Comestibles
 d - 25 rations


   Skills:
 + Level 13.2 Fighting
 - Level 14.0 Long Blades
 + Level 11.4 Dodging
 + Level 12.2 Shields
 + Level 11.8 Invocations


You had 14 spell levels left.
You didn't know any spells.
Your spell library contained the following spells:

 Spells                   Type           Power        Failure   Level  Hunger
 Confusing Touch          Hex            #.....       52%         1    ##.....
 Magic Dart               Conj           #...         52%         1    ##.....
 Summon Small Mammal      Summ           #...         52%         1    ##.....
 Blink                    Tloc           N/A          67%         2    ###....
 Call Imp                 Summ           #.......     67%         2    ###....
 Slow                     Hex            #.......     67%         2    ###....
 Call Canine Familiar     Summ           #.......     88%         3    ####...
 Confuse                  Hex            #.......     88%         3    ####...
 Conjure Flame            Conj/Fire      #.......     88%         3    ####...
 Gell's Gravitas          Tloc           #.........   88%         3    ####...
 Mephitic Cloud           Conj/Pois/Air  #.......     88%         3    ####...
 Portal Projectile        Hex/Tloc       #.....       88%         3    ####...
 Summon Guardian Golem    Hex/Summ       #.......     88%         3    ####...
 Force Lance              Conj/Tloc      #.......     99%         4    #####..
 Ice Form                 Ice/Tmut       #.......     99%         4    #####..
 Petrify                  Tmut/Erth      #.......     99%         4    #####..
 Summon Ice Beast         Ice/Summ       #.......     99%         4    #####..
 Summon Lightning Spire   Summ/Air       #.......     99%         4    #####..
 Metabolic Englaciation   Hex/Ice        #.........   100%        5    ######.
 Yara's Violent Unravell  Hex/Tmut       #.........   100%        5    ######.
 Bolt of Cold             Conj/Ice       #.........   100%        6    #######
 Dispersal                Tloc           #.........   100%        6    #######
 Freezing Cloud           Conj/Ice/Air   #.........   100%        6    #######
 Ozocubu's Refrigeration  Ice            #.........   100%        6    #######
 Simulacrum               Ice/Necr       #.........   100%        6    #######
 Controlled Blink         Tloc           N/A          100%        8    #######
 Disjunction              Tloc           #.........   100%        8    #######


Dungeon Overview and Level Annotations

Branches:
Dungeon (15/15)            Temple (1/1) D:7            Lair (4/6) D:8
  Swamp (0/4) Lair:4       Spider (0/4) Lair:2          Orc (1/2) D:12
 Vaults (0/5) D:14         Depths (0/5) D:15

Altars:
Cheibriados
Dithmenos
Elyvilon
Fedhas
Hepliaklqana
Makhleb
Okawaru
Ru
Vehumet
The Shining One

Shops:
D:5 =   D:14 [   D:15 =

Annotations:
D:13 2 transporters, Enish's ghost, weakling FoAM; Rupert
Lair:4 Sonja
Orc:1 !Dangerous, Fannar


Innate Abilities, Weirdness & Mutations

You can breathe blasts of scalding, opaque steam.
Your pale cyan-grey scales are hard. (AC +9)
You cannot fit into any form of body armour.
You are cold-blooded and may be slowed by cold attacks.
Your life essence is reduced to manifest your ancestor. (-10% HP)
[You are sometimes teleported next to monsters.]


Message History

The balrug shouts!
You hear a trumpeting!
Press: ? - help, Shift-Dir - straight line, f - balrug
Aim: a balrug, wielding a +1 demon whip of freezing You exhale a blast of scalding steam.
You are feeling very hungry.
The balrug gestures at you.
The fireball explodes!
The fireball engulfs you!!
You hear a loud, deep croak!
You hear a bark!
You hear an angry growl.
You have got your breath back.
The balrug gestures at you. The bolt of fire hits you!!!
The balrug gestures at you. The bolt of fire hits you!!
* * * LOW HITPOINT WARNING * * *
As you read the scroll of teleportation, it crumbles to dust.
You feel strangely unstable.
You feel the power of the Abyss delaying your translocation!
The balrug gestures at you.
The fireball explodes!
The fireball engulfs you!!!
You die...

## . ..# . # ..#
#... .# ## ... # .
## ..#.# .. # #.
..##....##..# # ##
... ..##...#. ..
.#.. ........# ##
##.##+#####..@# ..
#.. .......#.# . #
....######...# .
#..#......+...#
#.#..... ..).....#
### #....).#...# .
#.4. ....#.#2##
#....#.#..#.#.ยง.#
...#........#..#..


You could see a balrug.

Vanquished Creatures
  A frost giant (IceCv)
  A reaper (Gauntlet)
  A centaur warrior (D:13)
  2 hydras
  A tengu warrior (D:13)
  2 dancing weapons (D:14)
  5 two-headed ogres
  Urug (D:12)
  A hell knight (Volcano)
  A salamander mystic (Volcano)
  A wretched star (Abyss:2)
  2 wizards
  A sea snake (shapeshifter) (Abyss:2)
  A necromancer (D:15)
  An orc knight (D:13)
  A deep elf mage (D:15)
  2 manticores (D:11)
  A wolf spider (D:15)
  6 ugly things
  A cyclops (D:12)
  A guardian serpent (Abyss:2)
  An ice statue (IceCv)
  5 spiny frogs
  2 gargoyles
  2 efreet
  5 yaktaurs (D:15)
  2 komodo dragons
  A tengu conjurer (D:13)
  An ancient zyme (Abyss:3)
  18 polar bears
  6 trolls
  A hornet (shapeshifter) (D:14)
  6 slime creatures
  6 hippogriffs
  2 large abominations
  A meliai zombie (D:14)
  3 flying skulls (Gauntlet)
  2 spriggans (D:9)
  3 shadows
  A wyvern (D:8)
  A wyvern (shapeshifter) (D:15)
  2 basilisks
  2 fire elementals (D:12)
  A wraith (D:15)
  3 fire bats (Volcano)
  3 hungry ghosts
  36 yaks
  A vampire mosquito (D:12)
  6 small abominations
  2 insubstantial wisps (Lair:4)
  A naga (shapeshifter) (Abyss:3)
  An acid dragon (D:13)
  3 porcupines
  2 hell hounds (D:12)
  4 water moccasins
  3 sky beasts
  2 slaves (D:8)
  A black bear (D:8)
  9 ice beasts
  4 orc warriors
  A necrophage (D:10)
  10 ogres
  14 wolves
  4 centaurs
  3 crocodiles
  A big kobold (D:11)
  An elf zombie (Ossuary)
  9 bullfrogs
  A gnoll sergeant (D:7)
  3 scorpions
  4 killer bees (D:7)
  4 wights (D:9)
  2 electric eels (Lair:2)
  A howler monkey (D:9)
  7 lava snakes
  A crimson imp (D:11)
  2 quasits
  3 hounds
  8 orc priests
  7 jellies
  6 centaur skeletons
  10 orc wizards
  A bullfrog skeleton (D:12)
  6 iguanas
  A human zombie (Ossuary)
  9 worker ants
  Natasha (twice) (D:4)
  A big kobold zombie (Ossuary)
  A hound zombie (Ossuary)
  2 hound skeletons
  A mummy (Ossuary)
  7 gnolls
  16 adders
  3 shadow imps
  An ooze (D:5)
  2 adder zombies
  An adder skeleton (D:4)
  4 worms
  A dart slug (D:1)
  6 leopard geckos
  40 orcs
  5 giant cockroaches
  2 gnoll zombies (Ossuary)
  6 goblins
  6 hobgoblins
  2 jackals (D:6)
  11 quokkas
  A ball python (D:5)
  4 bats
  2 goblin zombies (Ossuary)
  2 hobgoblin zombies (Ossuary)
  2 jackal zombies (Ossuary)
  7 kobolds
  A kobold zombie (Ossuary)
  A quokka skeleton (D:5)
  3 quokka zombies (Ossuary)
  5 rats
  A rat zombie (Ossuary)
  A plant (Lair:2)
458 creatures vanquished.

Vanquished Creatures (collateral kills)
  Azrael (D:12)
  A minotaur (Gauntlet)
  A naga warrior (Abyss:2)
  A hydra (D:13)
  Erica (D:11)
  2 centaur warriors (D:13)
  The ghost of Amnesiac the Martial Artist, a journeyman OpTm of Gozag (D:9)
  A death knight (D:14)
  2 two-headed ogres
  2 tengu warriors (D:15)
  2 large abominations (Abyss:2)
  An unseen horror (D:12)
  2 wizards (D:15)
  A deep elf mage (D:15)
  Pikel (D:8)
  An orc knight (D:13)
  An ugly thing (D:13)
  3 salamanders (Volcano)
  A worldbinder (Abyss:2)
  A manticore (D:14)
  2 black mambas (shapeshifter) (D:15)
  A torpor snail (Lair:2)
  2 kobold demonologists (D:15)
  A komodo dragon (D:13)
  A demonic crawler (Lair:2)
  A tengu conjurer (D:13)
  3 trolls
  3 polar bears (IceCv)
  A slime creature (D:15)
  4 hippogriffs
  A vampire (Abyss:2)
  A spriggan (D:9)
  A wyvern (D:9)
  A ynoxinul (Abyss:2)
  A tarantella (shapeshifter) (D:15)
  A fire elemental (Lair:2)
  4 fire bats (Volcano)
  2 vampire mosquitoes (D:12)
  6 yaks
  A water moccasin (Lair:2)
  3 hell hounds (D:12)
  3 orc warriors
  2 sky beasts
  2 slaves (D:8)
  2 phantoms (D:9)
  3 ogres
  4 wolves
  2 necrophages
  2 small abominations (Gauntlet)
  4 crocodiles
  2 centaurs
  An elf zombie (Ossuary)
  3 bullfrogs
  2 scorpions
  A killer bee (D:7)
  4 wights (D:9)
  An electric eel (Lair:2)
  A howler monkey (D:8)
  6 lava snakes
  2 crimson imps
  4 centaur zombies
  A quasit (D:13)
  An orc priest (D:7)
  2 bullfrog skeletons
  2 orc wizards
  2 jellies (D:8)
  2 iguanas
  4 worker ants
  A big kobold zombie (Ossuary)
  A hound zombie (D:10)
  2 mummies (Ossuary)
  A howler monkey skeleton (D:4)
  3 gnolls (D:4)
  2 adders
  3 adder zombies (Ossuary)
  2 worms
  An adder skeleton (D:8)
  A leopard gecko (D:6)
  7 orcs
  A giant cockroach (D:5)
  A gnoll zombie (Ossuary)
  A goblin zombie (Ossuary)
  2 hobgoblin zombies (Ossuary)
  A jackal skeleton (D:6)
  A jackal zombie (Ossuary)
  3 kobolds (D:15)
  2 kobold zombies (Ossuary)
  An orc zombie (Ossuary)
  A quokka zombie (Ossuary)
  A rat zombie (Ossuary)
  A fungus (Lair:2)
  A plant (Lair:2)
174 creatures vanquished.

Vanquished Creatures (others)
  A hydra (D:13)
  A polar bear (IceCv)
  An orc warrior (D:14)
  A big kobold (D:15)
  30 battlemagi
  2 kobolds (D:15)
  14 demonic plants (Gauntlet)
  A fungus (Lair:2)
  8 plants
  7 withered plants (Gauntlet)
66 creatures vanquished.

Grand Total: 698 creatures vanquished

Notes
Turn   | Place    | Note
-------+----------+-------------------------------------------
     0 | D:1      | Lanoc the Draconian Fighter began the quest for the Orb.
     0 | D:1      | Reached XP level 1. HP: 19/19 MP: 1/1
   137 | D:1      | Reached XP level 2. HP: 26/26 MP: 2/2
   308 | D:3      | Noticed a centaur
   324 | D:3      | Reached XP level 3. HP: 8/31 MP: 3/3
   334 | D:3      | Killed a centaur
   334 | D:3      | Reached skill level 3 in Long Blades
   334 | D:3      | Reached XP level 4. HP: 8/40 MP: 4/4
   676 | D:3      | Found a faded altar of an unknown god.
   693 | D:3      | Became a worshipper of Hepliaklqana the Forgotten
   693 | D:3      | Reached * piety under Hepliaklqana
   730 | D:3      | Reached XP level 5. HP: 40/41 MP: 5/5
  1209 | D:4      | Reached ** piety under Hepliaklqana
  1210 | D:4      | Remembered your ancestor Citlalmina as a battlemage
  1262 | D:4      | Found a sand-covered staircase.
  1280 | Ossuary  | Entered an ossuary
  1311 | Ossuary  | Reached skill level 4 in Long Blades
  1324 | Ossuary  | Reached XP level 6. HP: 43/47 MP: 6/6
  1692 | D:4      | Reached skill level 5 in Long Blades
  1692 | D:4      | Your scales start taking on a pale cyan-grey colour.
  1692 | D:4      | Reached XP level 7. HP: 54/54 MP: 7/7
  1769 | D:4      | Reached skill level 5 in Fighting
  2169 | D:4      | Noticed Natasha
  2176 | D:4      | Killed Natasha
  2202 | D:4      | Noticed Natasha
  2206 | D:4      | Killed Natasha
  2302 | D:5      | Entered Level 5 of the Dungeon
  2307 | D:5      | Reached skill level 6 in Long Blades
  2307 | D:5      | Reached skill level 5 in Shields
  2319 | D:5      | Reached *** piety under Hepliaklqana
  2375 | D:5      | Found Fazuel's Jewellery Emporium.
  2380 | D:5      | Reached XP level 8. HP: 62/62 MP: 8/8
  2667 | D:5      | Reached skill level 5 in Dodging
  2717 | D:5      | Reached skill level 7 in Long Blades
  2950 | D:5      | Found a white marble altar of Elyvilon.
  2956 | D:5      | Found a blossoming altar of Fedhas.
  2957 | D:5      | Found an iron altar of Okawaru.
  2959 | D:5      | Found a sacrificial altar of Ru.
  2960 | D:5      | Found a shadowy altar of Dithmenos.
  2961 | D:5      | Found a glowing golden altar of the Shining One.
  3125 | D:6      | Reached **** piety under Hepliaklqana
  3159 | D:6      | Found a radiant altar of Vehumet.
  3413 | D:6      | Reached skill level 1 in Invocations
  3633 | D:7      | Reached XP level 9. HP: 68/70 MP: 8/10
  3681 | D:7      | Reached skill level 8 in Long Blades
  4785 | D:7      | Found a snail-covered altar of Cheibriados.
  4816 | D:7      | Found a staircase to the Ecumenical Temple.
  4822 | Temple   | Entered the Ecumenical Temple
  5098 | D:8      | Noticed Pikel
  5107 | D:8      | Killed Pikel
  5107 | D:8      | Reached skill level 9 in Long Blades
  5125 | D:8      | Reached ***** piety under Hepliaklqana
  5149 | D:8      | Reached XP level 10. HP: 56/77 MP: 12/12
  5177 | D:8      | Found a staircase to the Lair.
  5987 | D:9      | Found a runed translucent door.
  5989 | D:9      | Noticed Amnesiac's ghost (journeyman OpTm)
  5989 | D:9      | Identified the +11 trident of Egaazek {drain, +Rage MR+}
  6000 | D:9      | Reached skill level 10 in Long Blades
  6001 | D:9      | Killed Amnesiac's ghost
  6001 | D:9      | Reached skill level 5 in Invocations
  6421 | D:10     | Entered Level 10 of the Dungeon
  6428 | D:10     | Noticed a two-headed ogre
  6445 | D:10     | Reached XP level 11. HP: 48/85 MP: 15/15
  6446 | D:10     | Killed a two-headed ogre
  7177 | D:11     | Found a frozen archway.
  7201 | D:11     | Reached skill level 11 in Long Blades
  7218 | IceCv    | Entered an ice cave
  7654 | IceCv    | Reached XP level 12. HP: 81/95 MP: 17/17
  7719 | IceCv    | Reached skill level 12 in Long Blades
  7804 | IceCv    | Noticed a frost giant
  7829 | IceCv    | Reached skill level 10 in Fighting
  7841 | IceCv    | Killed a frost giant
  8312 | D:11     | Noticed Erica
  8317 | D:11     | Killed Erica
  8512 | D:11     | Noticed a two-headed ogre
  8518 | D:11     | Noticed a two-headed ogre
  8522 | D:11     | Killed a two-headed ogre
  8533 | D:11     | Killed a two-headed ogre
  8574 | D:11     | Noticed a two-headed ogre
  8578 | D:11     | Killed a two-headed ogre
  9290 | D:12     | Reached skill level 13 in Long Blades
  9308 | D:12     | Noticed Azrael
  9422 | D:12     | Reached XP level 13. HP: 73/102 MP: 19/19
  9422 | D:12     | Killed Azrael
  9535 | D:12     | Found a staircase to the Orcish Mines.
  9621 | D:12     | Noticed Urug
  9633 | D:12     | Killed Urug
  9941 | D:13     | Reached ****** piety under Hepliaklqana
  9956 | D:13     | Reached skill level 10 in Shields
 10044 | D:13     | Found a transporter.
 10047 | D:13     | Noticed Enish's ghost (weakling FoAM)
 10182 | D:13     | Noticed Rupert
 10723 | D:13     | Found a transporter.
 10826 | D:14     | Found a gate to the Vaults.
 11081 | D:14     | Reached skill level 14 in Long Blades
 11307 | D:14     | Reached skill level 10 in Dodging
 11358 | D:14     | Reached skill level 10 in Invocations
 11404 | D:14     | Reached XP level 14. HP: 104/112 MP: 21/21
 11553 | D:14     | Found Ennadeag's Armour Shop.
 11628 | D:15     | Entered Level 15 of the Dungeon
 12278 | D:15     | Paralysed by a wizard for 4 turns
 12315 | D:15     | Found Vefyune's Jewellery Emporium.
 12666 | D:15     | Found a staircase to the Depths.
 12895 | Orc:1    | Entered Level 1 of the Orcish Mines
 12895 | Orc:1    | Noticed Fannar
 13103 | Lair:1   | Entered Level 1 of the Lair of Beasts
 13220 | Lair:1   | Found a gate leading to a gauntlet.
 13237 | Gauntlet | Entered a Gauntlet
 13237 | Gauntlet | Found a transporter.
 13237 | Gauntlet | Found a transporter.
 13237 | Gauntlet | Found a transporter.
 13239 | Gauntlet | Found a transporter.
 13242 | Gauntlet | Found a transporter.
 13242 | Gauntlet | Found a transporter.
 13256 | Gauntlet | Found a transporter.
 13256 | Gauntlet | Found a transporter.
 13269 | Gauntlet | Noticed a reaper
 13271 | Gauntlet | Found a transporter.
 13272 | Gauntlet | Found a transporter.
 13290 | Gauntlet | Found a transporter.
 13294 | Gauntlet | Found a transporter.
 13544 | Gauntlet | Killed a reaper
 13554 | Gauntlet | Got a pair of polished gloves
 13592 | Gauntlet | Identified the cursed +0 pair of gloves "Ulutiwif" {Str+2}
                  | (You found it in a Gauntlet)
 13845 | Lair:1   | Found a dark tunnel.
 13854 | Volcano  | Entered a volcano
 14346 | Volcano  | Found a burning altar of Makhleb.
 15192 | Lair:2   | Found a hole to the Spider Nest.
 15443 | Lair:2   | You fall into a shaft and drop 2 floors!
 15469 | Lair:4   | Found a staircase to the Swamp.
 15682 | Lair:4   | Reached XP level 15. HP: 121/121 MP: 23/23
 15687 | Lair:4   | Noticed Sonja
 15690 | Lair:4   | Cast into level 2 of the Abyss (Sonja)
 15916 | Abyss:3  | Found a corrupted altar of Lugonu.
 15989 | Abyss:3  | Killed from afar by a balrug

Levels and vault maps discovered:
D:1:      minmay_arrival_three_doors, layout_basic
D:2:      layout_loops_ring, minmay_misc_feat_tiny, uniq_crazy_yiuf_cottage
D:3:      layout_loops_ring, chequers_ecumenical_altar_simple, first_ration,
          serial_bayou, serial_bayou_ford_a, serial_bayou_pond_b,
          serial_bayou_pond_d, serial_bayou_pond_c
D:4:      layout_basic, nicolae_ossuary_entry_ruins, minmay_goblin_kobold_house,
          uniq_natasha
D:5:      layout_basic, minitemple, serial_shops, nicolae_shop_stone
D:6:      layout_cave_pods, vehumet_altar_wand_db
D:7:      layout_loops_corners, nicolae_overflow_hidden_temple,
          minmay_temple_entry_fiery, grunt_ministairs_7
D:8:      layout_rooms, grunt_lair_entry_orc_guard_hut, uniq_pikel
D:9:      layout_irregular_city, ebering_ghost_funeral_grove
D:10:     layout_cross
D:11:     layout_basic, portal_ice_cave_entry_ice_beasts, uniq_erica
D:12:     layout_long_grid, orc_0_dummy, serial_co_window_serial,
          co_window_of_opportunity_a, co_window_paths_a,
          co_window_of_opportunity_a, co_window_corner_a, co_window_corner_a,
          co_window_of_opportunity_b, co_window_corner_ca, co_window_corner_ca,
          co_window_broadway_c, co_window_4corner_a, co_window_paths_e,
          glass_columns_c, glass_columns_a, glass_columns_a, glass_columns_a,
          glass_columns_a, uniq_azrael, uniq_urug
D:13:     layout_roguey, gammafunk_ghost_stat_death, minivault_28, uniq_rupert
D:14:     layout_irregular_city, erik_vaults_1, serial_shops, shop
D:15:     grunt_enter_depths_magical_seal, layout_basic,
          ebering_dispersal_statue_hall, minmay_shop_enchanted_jewellery
Temple:   eino_wide_crystal_templ
Lair:1:   layout_hall_layers, nicolae_volcano_entry_hallway,
          gauntlet_entry_generic
Lair:2:   layout_chaotic_city, nicolae_spider_entry_non_spiders,
          serial_bayou_shore_a, infiniplex_staircase_pool
Lair:4:   layout_gridlike, minmay_swamp_entry_wisps, minmay_lair_drake_nest,
          uniq_sonja
Orc:1:    cheibrodos_orc_arena, layout_caves, uniq_fannar, uniq_harold,
          uniq_jorgrun
Abyss:3:  nicolae_abyss_rune_star_stuff, minivault_25_ag

Skill      XL: |  1  2  3  4  5  6  7  8  9 10 11 12 13 14 |
---------------+-------------------------------------------+-----
Dodging        | 3 4 5 6 7 8 9 10 11 | 11.4
Fighting       | 4 5 6 7 8 9 10 11 13 | 13.2
Long Blades    | 3 4 5 6 7 9 10 11 13 14 | 14.0
Shields        | 4 5 6 7 8 9 10 12 | 12.2
Invocations    | 1 3 5 7 8 10 11 | 11.8

Action                   |  1- 3 |  4- 6 |  7- 9 | 10-12 | 13-15 || total
-------------------------+-------+-------+-------+-------+-------++-------
Melee: Long sword        |    56 |   136 |   228 |   109 |       ||   529
       Tailslap          |     4 |    19 |    43 |    78 |    75 ||   219
       Trident           |       |       |       |   336 |   582 ||   918
Invok: Ancestor Identity |       |     1 |       |       |       ||     1
       Ancestor Life: Ba |       |     1 |       |       |       ||     1
       Recall Ancestor   |       |       |       |     1 |     2 ||     3
 Abil: Breathe Steam     |       |       |    22 |    46 |    94 ||   162
Evoke: Wand              |       |       |       |     3 |       ||     3
  Use: Potion            |     4 |       |       |     3 |     7 ||    14
       Scroll            |     1 |     3 |     6 |    12 |     9 ||    31
 Stab: Sleeping          |       |     1 |     6 |     4 |     6 ||    17
       Distracted        |       |       |     1 |     6 |    11 ||    18
  Eat: Chunk             |       |     2 |    12 |    20 |    25 ||    59
       Ration            |       |       |     1 |       |     2 ||     3
Armor: Skin              |    30 |    23 |    33 |   112 |    82 ||   280
Dodge: Dodged            |    31 |    44 |    76 |   267 |   362 ||   780
Block: Shield            |    49 |    61 |   106 |   263 |   356 ||   835
       Rpst.: Long sword |    11 |    16 |    35 |    15 |       ||    77

Table legend:
 A = Non-vault XP
 B = Vault XP
 C = Vault XP percentage of total XP
 D = Non-vault monster count
 E = Vault monster count
 F = Vault count percentage of total count
                 A         B        C        D         E       F
            +---------+---------+-------+---------+---------+-------
      Total |   65407 |   44378 |  40.4 |     431 |     197 |  31.4
            +---------+---------+-------+---------+---------+-------
        D:1 |      12 |       0 |   0.0 |       6 |       0 |   0.0
        D:2 |      25 |       0 |   0.0 |       6 |       0 |   0.0
        D:3 |      53 |     123 |  69.9 |      16 |       3 |  15.8
        D:4 |     422 |      37 |   8.1 |      15 |       3 |  16.7
        D:5 |    1010 |       0 |   0.0 |      23 |       0 |   0.0
        D:6 |     659 |       2 |   0.3 |      32 |       1 |   3.0
        D:7 |    1492 |     242 |  14.0 |      38 |       2 |   5.0
        D:8 |     839 |    1229 |  59.4 |      15 |       6 |  28.6
        D:9 |    2328 |    1803 |  43.6 |      32 |       6 |  15.8
       D:10 |    1579 |       0 |   0.0 |       9 |       0 |   0.0
       D:11 |    6414 |    2002 |  23.8 |      45 |       9 |  16.7
       D:12 |    4581 |    3252 |  41.5 |      34 |       9 |  20.9
       D:13 |    7840 |    5980 |  43.3 |      27 |      11 |  28.9
       D:14 |    8944 |    1808 |  16.8 |      25 |       2 |   7.4
       D:15 |    9364 |    5386 |  36.5 |      33 |      10 |  23.3
     Lair:1 |    2553 |       0 |   0.0 |      12 |       0 |   0.0
     Lair:2 |    6506 |     433 |   6.2 |      31 |       8 |  20.5
     Lair:4 |    4268 |     329 |   7.2 |      17 |       2 |  10.5
      Orc:1 |     322 |       0 |   0.0 |       1 |       0 |   0.0
    Abyss:2 |    5237 |       0 |   0.0 |       9 |       0 |   0.0
    Abyss:3 |     959 |       0 |   0.0 |       5 |       0 |   0.0
    Ossuary |       0 |     452 | 100.0 |       0 |      37 | 100.0
      IceCv |       0 |   12340 | 100.0 |       0 |      54 | 100.0
    Volcano |       0 |    5040 | 100.0 |       0 |      22 | 100.0
   Gauntlet |       0 |    3920 | 100.0 |       0 |      12 | 100.0
            +---------+---------+-------+---------+---------+-------
